 Dungeon Crawl Stone Soup version 0.27-a0-1123-g2f9bb313c0 (webtiles) character file.

Game seed: 14683187258798816960

44937 funkygono the Thaumaturge (level 14, 0/108 HPs)
             Began as a Gargoyle Fire Elementalist on May 3, 2021.
             Was a High Priest of Vehumet.
             Slain by a five-headed hydra (11 damage)
             ... on level 6 of the Lair of Beasts.
             The game lasted 01:00:24 (22960 turns).

funkygono the Thaumaturge (GrFE)                   Turns: 22960, Time: 01:00:24

Health: 0/108      AC: 29    Str: 14    XL:     14   Next: 30%
Magic:  2/30       EV: 12    Int: 22    God:    Vehumet [*****.]
Gold:   1552       SH:  0    Dex: 10    Spells: 3/38 levels left

rFire    . . .     SeeInvis .   E - +4 dire flail
rCold    . . .     Faith    .   (shield currently unavailable)
rNeg     + . .     Spirit   .   B - +4 steam dragon scales
rPois    ∞         Reflect  .   U - +2 helmet
rElec    +         Harm     .   T - +0 cloak
rCorr    .         Rampage  .   (no gloves)
Will     +....                  G - +1 pair of boots
Stlth    ..........             (no amulet)
HPRegen  0.28/turn              H - ring of Accord {Wiz Int+3}
MPRegen  0.22/turn              e - +4 ring of protection

@: berserking, flying, very quick
A: AC +10, big wings, negative energy resistance 1, electricity resistance,
torment resistance 1, unbreathing 1, petrification resistance
a: Renounce Religion


You were on level 6 of the Lair of Beasts.
You worshipped Vehumet.
Vehumet was extremely pleased with you.
You visited 3 branches of the dungeon, and saw 16 of its levels.
You also visited: Sewer and Bailey.

You collected 1552 gold pieces.

Inventory:

Hand Weapons
 E - a +4 dire flail (weapon)
Missiles
 q - 7 atropa-tipped darts
Armour
 c - the +1 kite shield of Words of Power {rPois rN+++ Int-3 SInv}
   (You found it on level 4 of the Lair of Beasts)

   It affects your intelligence (-3).
   It protects you from poison.
   It renders you almost immune to negative energy.
   It lets you see invisible.
 B - +4 steam dragon scales (worn)
 G - a +1 pair of boots (worn)
 M - a +2 robe of cold resistance
 T - a +0 cloak (worn)
 U - a +2 helmet (worn)
Jewellery
 e - a +4 ring of protection (right hand)
 m - the ring "Acwah" {rPois rC+++ MP+9 Str-5 Stlth+}
   (You found it on level 5 of the Lair of Beasts)

   [ring of magical power]

   It affects your strength (-5).
   It renders you almost immune to cold.
   It protects you from poison.
   It affects your magic capacity (+9).
   It makes you more stealthy.
 t - a ring of willpower
 A - a ring of ice
 H - the ring of Accord (left hand) {Wiz Int+3}
   (You acquired it on level 7 of the Dungeon)

   [ring of wizardry]

   It improves your spell success rate.
   It affects your intelligence (+3).
 I - the ring "Getifun" {rN+ Slay+4 Stlth+}
   (You found it on level 9 of the Dungeon)

   [ring of slaying]

   It affects your accuracy and damage with ranged weapons and melee attacks
   (+4).
   It protects you from negative energy.
   It makes you more stealthy.
 J - a ring of positive energy
Wands
 a - a wand of mindburst (3)
 y - a wand of paralysis (16)
 Q - a wand of acid (10)
Scrolls
 i - 10 scrolls of teleportation
 j - 4 scrolls of blinking
 k - 7 scrolls of fog
 n - 2 scrolls of fear
 p - a scroll of identify
 s - a scroll of holy word
 N - a scroll of magic mapping
Potions
 b - a potion of berserk rage
 d - 10 potions of curing
 f - 6 potions of brilliance
 g - 2 potions of haste
 h - 4 potions of attraction
 l - 2 potions of magic
 o - 2 potions of might
 r - 7 potions of lignification
 z - a potion of flight
 F - 2 potions of mutation
 P - 2 potions of cancellation
 S - a potion of resistance


   Skills:
 + Level 2.7 Fighting
 + Level 0.4 Short Blades
 + Level 3.8 Maces & Flails
 + Level 3.7 Dodging
 - Level 2.1 Stealth
 + Level 12.7 Spellcasting
 + Level 11.1 Conjurations
 + Level 3.0 Transmutations
 + Level 11.6 Fire Magic
 + Level 4.3 Ice Magic
 * Level 2.6 Earth Magic
 + Level 10.2 Poison Magic


You had 3 spell levels left.
You knew the following spells:

 Your Spells              Type           Power      Damage    Failure   Level
a - Foxfire               Conj/Fire      100%       2x1d9     1%          1
b - Conjure Flame         Conj/Fire      59%        6-21      1%          3
c - Sticky Flame          Conj/Fire      59%        2d7       1%          4
d - Fireball              Conj/Fire      29%        3d13      1%          5
e - Olgreb's Toxic Radia  Pois           56%        N/A       1%          4
f - Ignite Poison         Fire/Tmut/Pois 50%        N/A       1%          3
g - Freeze                Ice            100%       1d11      1%          1
h - Frozen Ramparts       Ice            66%        1d8       1%          3
i - Bolt of Magma         Conj/Fire/Erth 25%        4d12      1%          5
j - Iron Shot             Conj/Erth      22%        9d5       4%          6

Your spell library contained the following spells:

 Spells                   Type           Power      Damage    Failure   Level
 Animate Skeleton         Necr           26%        N/A       1%          1
 Apportation              Tloc           26%        N/A       1%          1
 Corona                   Hex            14%        N/A       1%          1
 Magic Dart               Conj           100%       1d8       1%          1
 Pain                     Necr           52%        1d6       1%          1
 Sting                    Tmut/Pois      100%       1d8       1%          1
 Summon Small Mammal      Summ           52%        N/A       1%          1
 Ensorcelled Hibernation  Hex/Ice        46%        N/A       1%          2
 Poisonous Vapours        Pois/Air       72%        N/A       1%          2
 Searing Ray              Conj           100%       3d7       1%          2
 Dazzling Flash           Conj/Hex       76%        N/A       1%          3
 Inner Flame              Hex/Fire       39%        N/A       1%          3
 Mephitic Cloud           Conj/Pois/Air  45%        N/A       1%          3
 Call Imp                 Summ           13%        N/A       2%          2
 Call Canine Familiar     Summ           13%        N/A       6%          3
 Confusing Touch          Hex            13%        N/A       6%          3
 Lesser Beckoning         Tloc           6%         N/A       6%          3
 Summon Guardian Golem    Hex/Summ       13%        N/A       6%          3
 Tukima's Dance           Hex            13%        N/A       6%          3
 Vampiric Draining        Necr           6%         2d6       6%          3
 Fulminant Prism          Conj/Hex       19%        3d11      1%          4
 Iskenderun's Mystic Bla  Conj/Tloc      38%        2d9       1%          4
 Iskenderun's Battlesphe  Conj           58%        2d11      1%          5
 Alistair's Intoxication  Tmut/Pois      28%        N/A       3%          5
 Orb of Destruction       Conj           29%        9d11      4%          7
 Summon Ice Beast         Ice/Summ       23%        N/A       8%          4
 Freezing Cloud           Conj/Ice/Air   18%        6-21      10%         6
 Animate Dead             Necr           6%         N/A       17%         4
 Summon Lightning Spire   Summ/Air       13%        N/A       17%         4
 Spellforged Servitor     Conj/Summ      19%        N/A       36%         7
 Agony                    Necr           13%        N/A       43%         5
 Invisibility             Hex            13%        N/A       93%         6


Dungeon Overview and Level Annotations

Branches:
Dungeon (9/15)             Temple (1/1) D:7            Lair (6/6) D:9
 Shoals (0/4) Lair:2       Spider (0/4) Lair:4        Slime (0/5) Lair:6
  Sewer (visited)          Bailey (visited)
    Orc: D:9-12

Altars:
Dithmenos
Fedhas
Gozag
Makhleb
Nemelex Xobeh
Qazlal
Ru
Trog
Vehumet
Wu Jian
Yredelemnul
The Shining One
Jiyva


Innate Abilities, Weirdness & Mutations

Your stone body is resilient. (AC +10)
You are immune to poison.
Your large and strong wings let you fly.
You resist negative energy. (rN+)
You are resistant to electric shocks. (rElec)
You are resistant to unholy torment.
You can survive without breathing.
You are immune to petrification.


Message History

The five-headed hydra is moderately wounded.
The five-headed hydra is covered in liquid flames!
The five-headed hydra burns!
The five-headed hydra closely misses you.
The five-headed hydra bites you but does no damage.
The five-headed hydra bites you. x2
The five-headed hydra bites you but does no damage.
The five-headed hydra burns!
The five-headed hydra burns!
The five-headed hydra stops burning.
A red film seems to cover your vision as you go berserk!
You feel yourself moving faster!
You feel mighty!
The five-headed hydra bites you but does no damage.
The five-headed hydra barely misses you.
The five-headed hydra bites you!
The five-headed hydra bites you but does no damage.
The five-headed hydra closely misses you.
You sock the five-headed hydra!
The five-headed hydra is heavily wounded.
The five-headed hydra bites you! The five-headed hydra bites you.
* * * LOW HITPOINT WARNING * * *
The five-headed hydra bites you but does no damage.
The five-headed hydra bites you.
* * * LOW HITPOINT WARNING * * *
The five-headed hydra bites you!
* * * LOW HITPOINT WARNING * * *
You sock the five-headed hydra!
The five-headed hydra is severely wounded.
You barely miss the five-headed hydra.
The five-headed hydra is severely wounded.
The five-headed hydra bites you.
* * * LOW HITPOINT WARNING * * *
The five-headed hydra bites you but does no damage.
The five-headed hydra closely misses you.
The five-headed hydra bites you but does no damage.
The five-headed hydra misses you.
You are too berserk!
You sock the five-headed hydra!
The five-headed hydra is almost dead.
The five-headed hydra bites you!
You die...

#.......## #.#......########
###P...#<.......###
###.###.......#.#
####.#.......# ... ##........#
### .... ##.........##
####.###.†..
#.......D...###.##.P#.....
###........@...##...:...†..#
#.............###.........##
##............###...†......#
#.............#..D..†..†..#
###.........................#
##...................P.#..#..#
.................>_....#### .
.......#.............#.#
#.......##......P.#...##


You could see a five-headed hydra.

Vanquished Creatures
  9 hydras
  Fannar (Lair:2)
  2 catoblepae
  A boulder beetle (Lair:3)
  A two-headed ogre (D:9)
  9 death yaks
  Urug (Lair:3)
  The ghost of tsouns the Soothsayer, a novice DsIE of Nemelex Xobeh (D:8)
  An orc knight (Bailey)
  An oklob plant (Lair:4)
  A wolf spider (Lair:4)
  A merfolk siren (Lair:2)
  5 black mambas
  A torpor snail (Lair:4)
  9 cane toads
  A rime drake (Lair:1)
  9 komodo dragons
  A troll (D:9)
  2 jumping spiders (Lair:4)
  Prince Ribbit (D:9)
  A hornet (D:9)
  3 polar bears
  17 blink frogs
  3 wyverns
  39 yaks
  A steam dragon (D:5)
  9 basilisks
  Grum (D:8)
  14 water moccasins
  12 orc warriors
  A hornet zombie (D:8)
  2 sky beasts
  A black bear (D:5)
  16 wolves
  2 ogres
  2 centaurs
  2 phantoms
  Blork the orc (D:4)
  22 bullfrogs
  2 scorpions
  A wyvern zombie (D:7)
  A water moccasin skeleton (D:6)
  7 wights
  3 howler monkeys
  An electric eel (Lair:4)
  A centaur zombie (D:8)
  5 hounds
  2 jellies
  3 orc priests
  A centaur skeleton (D:6)
  2 iguanas
  5 orc wizards
  4 hell rats (Lair:6)
  2 howler monkey zombies (D:9)
  A howler monkey skeleton (D:6)
  11 adders
  5 river rats (Sewer)
  2 shadow imps (D:5)
  2 white imps
  6 worms
  3 dart slugs
  39 orcs
  15 ball pythons
  2 bats
  10 endoplasms
  2 giant cockroaches
  7 goblins
  3 hobgoblins
  5 jackals
  4 quokkas
  7 frilled lizards
  10 kobolds
  24 rats
405 creatures vanquished.

Vanquished Creatures (collateral kills)
  35 foxfires
35 creatures vanquished.

Vanquished Creatures (others)
  1826 foxfires
  30 fungi
  48 plants
1904 creatures vanquished.

Grand Total: 2344 creatures vanquished

Notes
Turn   | Place    | Note
-------+----------+-------------------------------------------
     0 | D:1      | funkygono the Gargoyle Fire Elementalist began the quest
                  | for the Orb.
     0 | D:1      | Reached XP level 1. HP: 10/10 MP: 3/3
   180 | D:1      | Found a faded altar of an unknown god.
   393 | D:1      | Reached XP level 2. HP: 15/15 MP: 0/5
  1412 | D:2      | Reached XP level 3. HP: 19/19 MP: 3/6
  1883 | D:2      | Reached XP level 4. HP: 24/24 MP: 3/8
  1955 | D:2      | Learned a level 3 spell: Conjure Flame
  1960 | D:2      | Learned a level 4 spell: Sticky Flame
  2873 | D:3      | Reached skill level 3 in Spellcasting
  3040 | D:3      | Found a blossoming altar of Fedhas.
  3120 | D:3      | Found a glowing drain.
  3191 | Sewer    | Entered a sewer
  3339 | Sewer    | Reached XP level 5. HP: 28/28 MP: 4/9
  3872 | Sewer    | Reached XP level 6. HP: 29/33 MP: 3/11
  3874 | Sewer    | Reached skill level 4 in Spellcasting
  3877 | Sewer    | Reached skill level 5 in Fire Magic
  4540 | D:3      | Learned a level 5 spell: Fireball
  4619 | D:4      | Found a sparkling altar of Nemelex Xobeh.
  5201 | D:4      | Found a stormy altar of Qazlal.
  5464 | D:4      | Reached XP level 7. HP: 37/37 MP: 7/13
  5622 | D:5      | Entered Level 5 of the Dungeon
  5622 | D:5      | Noticed Blork the orc
  5645 | D:4      | Killed Blork the orc
  5974 | D:5      | Reached skill level 5 in Spellcasting
  6055 | D:5      | Noticed a steam dragon
  6066 | D:5      | Killed a steam dragon
  6067 | D:5      | Reached skill level 5 in Conjurations
  6067 | D:5      | Reached XP level 8. HP: 14/42 MP: 8/15
  6805 | D:5      | Identified 2 scrolls of acquirement
  6805 | D:5      | Acquired 733 gold pieces
  6810 | D:5      | Acquired a Young Poisoner's Handbook
  6819 | D:5      | Learned a level 4 spell: Olgreb's Toxic Radiance
  7065 | D:6      | Reached skill level 1 in Poison Magic
  7158 | D:6      | Reached skill level 6 in Spellcasting
  7820 | D:7      | Reached XP level 9. HP: 46/46 MP: 13/18
  7887 | D:7      | Found a flagged portal.
  7935 | Bailey   | Entered a bailey
  9119 | Bailey   | Noticed an orc knight
  9165 | Bailey   | Reached skill level 7 in Spellcasting
  9368 | Bailey   | Killed an orc knight
  9369 | Bailey   | HP: 1/46 [orc warrior/+0 glaive (23)]
 10047 | D:7      | Reached XP level 10. HP: 38/51 MP: 11/21
 10626 | D:7      | Found a staircase to the Ecumenical Temple.
 10750 | Temple   | Entered the Ecumenical Temple
 10802 | Temple   | Became a worshipper of Vehumet
 10974 | D:7      | Acquired the ring of Accord {Wiz Int+3}
 10982 | D:7      | Learned a level 3 spell: Ignite Poison
 11115 | D:8      | Found a runed translucent door.
 11165 | D:8      | Reached skill level 1 in Fighting
 11297 | D:8      | Identified the +0 quarterstaff of Hospitality {flame,
                  | Dex+4}
 11362 | D:8      | Found a burning altar of Makhleb.
 11364 | D:8      | Found a sacrificial altar of Ru.
 11373 | D:8      | Noticed Grum
 11913 | D:8      | Killed Grum
 11916 | D:8      | Reached * piety under Vehumet
 11916 | D:8      | Offered knowledge of Shock by Vehumet.
 12071 | D:8      | Reached skill level 8 in Spellcasting
 12265 | D:8      | Noticed tsouns's ghost (novice DsIE)
 12301 | D:9      | Found an opulent altar of Gozag.
 12420 | D:9      | Reached skill level 5 in Poison Magic
 12547 | D:9      | Found a staircase to the Lair.
 12555 | D:9      | Identified the ring "Getifun" {rN+ Slay+4 Stlth+}
 12782 | D:9      | Noticed a two-headed ogre
 12796 | D:9      | Killed a two-headed ogre
 12797 | D:9      | Reached skill level 1 in Maces & Flails
 13026 | D:9      | Noticed Prince Ribbit
 13033 | D:9      | Killed Prince Ribbit
 13708 | Lair:1   | Entered Level 1 of the Lair of Beasts
 13807 | Lair:1   | Reached XP level 11. HP: 56/56 MP: 15/23
 13961 | Lair:1   | Noticed a six-headed hydra
 13978 | Lair:1   | Killed a six-headed hydra
 14064 | Lair:1   | Reached skill level 9 in Spellcasting
 14461 | Lair:1   | Offered knowledge of Freeze by Vehumet.
 14640 | Lair:1   | Noticed a four-headed hydra
 14658 | Lair:1   | Killed a four-headed hydra
 15029 | Lair:1   | Learned a level 1 spell: Freeze
 15236 | Lair:2   | Noticed Fannar
 15244 | Lair:2   | Killed Fannar
 15636 | Lair:2   | You fall into a shaft and drop 1 floor!
 15662 | Lair:3   | Reached ** piety under Vehumet
 15663 | Lair:3   | Reached skill level 1 in Transmutations
 15666 | Lair:3   | Identified the +7 halberd of Deformation {drain, +Rage
                  | Dex+2}
 15680 | Lair:3   | Reached skill level 10 in Spellcasting
 15783 | Lair:3   | Reached XP level 12. HP: 61/61 MP: 19/26
 15824 | Lair:3   | Noticed a four-headed hydra
 15833 | Lair:3   | Killed a four-headed hydra
 16055 | Lair:3   | Reached skill level 10 in Fire Magic
 16130 | Lair:3   | Noticed a six-headed hydra
 16139 | Lair:3   | Noticed a four-headed hydra
 16142 | Lair:3   | Killed a six-headed hydra
 16168 | Lair:3   | Killed a four-headed hydra
 16169 | Lair:3   | Reached skill level 1 in Ice Magic
 16604 | Lair:3   | Offered knowledge of Static Discharge by Vehumet.
 16604 | Lair:3   | Noticed a death yak
 16604 | Lair:3   | Noticed a death yak
 16614 | Lair:3   | Noticed a death yak
 16614 | Lair:3   | Noticed a death yak
 16624 | Lair:3   | Killed a death yak
 16624 | Lair:3   | Killed a death yak
 16625 | Lair:3   | Reached skill level 10 in Conjurations
 16625 | Lair:3   | Noticed a death yak
 16633 | Lair:3   | Noticed a boulder beetle
 16818 | Lair:2   | Reached skill level 11 in Spellcasting
 16819 | Lair:2   | Reached *** piety under Vehumet
 17169 | Lair:2   | Noticed a catoblepas
 17180 | Lair:2   | Killed a catoblepas
 17456 | Lair:2   | Found a staircase to the Shoals.
 18043 | D:8      | HP: 1/62 [frozen (21)]
 18050 | D:8      | Killed tsouns's ghost
 18051 | D:8      | Reached XP level 13. HP: 26/67 MP: 15/28
 18546 | Lair:3   | Noticed Urug
 18552 | Lair:3   | Killed Urug
 19108 | Lair:4   | Offered knowledge of Airstrike by Vehumet.
 19874 | Lair:4   | Identified the +1 kite shield of Words of Power {rPois
                  | rN+++ Int-3 SInv}
 20151 | Lair:4   | Reached **** piety under Vehumet
 20155 | Lair:4   | Reached skill level 12 in Spellcasting
 20500 | Lair:4   | You fall into a shaft and drop 1 floor!
 20666 | Lair:5   | Identified the ring "Acwah" {rPois rC+++ MP+9 Str-5 Stlth+}
 20826 | Lair:5   | Offered knowledge of Frozen Ramparts by Vehumet.
 21009 | Lair:5   | Reached skill level 10 in Poison Magic
 21021 | Lair:5   | Gained mutation: Your large and strong wings let you fly.
                  | [Gargoyle growth]
 21021 | Lair:5   | Reached XP level 14. HP: 57/72 MP: 9/30
 21753 | Lair:5   | Learned a level 3 spell: Frozen Ramparts
 21902 | Lair:5   | Acquired a book of Power
 21932 | Lair:4   | Found a hole to the Spider Nest.
 22127 | Lair:4   | Learned a level 5 spell: Bolt of Magma
 22134 | Lair:4   | Learned a level 6 spell: Iron Shot
 22185 | Lair:6   | Entered Level 6 of the Lair of Beasts
 22269 | Lair:6   | Reached skill level 1 in Earth Magic
 22313 | Lair:6   | Found a staircase to the Slime Pits.
 22313 | Lair:6   | Found a viscous altar of Jiyva.
 22903 | Lair:6   | Reached ***** piety under Vehumet
 22960 | Lair:6   | Slain by a five-headed hydra

Illustrated notes

Levels and vault maps discovered:
D:1:      co_arrival_square_in_a_square_in_a_square, layout_basic,
          hellmonk_ecumenical_altar_pennies_from_heaven,
          chequers_serial_rivers_large_b
D:2:      layout_basic, dk_noncrumbling_4, kennysheep_potato
D:3:      layout_loops_corners, fedhas_ov_isle_minmay,
          cheibrodos_sewer_entry_drain
D:4:      layout_loops_ring, nemelex_xobeh_ov_fountains_minmay,
          lemuel_coloured_pillars_altar, kennysheep_generic_room_5
D:5:      layout_rooms, uniq_blork_the_orc
D:6:      layout_loops_ring
D:7:      layout_loops_corners, minmay_temple_entry_tees, enter_bailey_4,
          minmay_fractal_squares_diagonal_5
D:8:      layout_basic, nicolae_overflow_hidden_temple,
          ebering_ghost_reflecting_pool, uniq_grum
D:9:      layout_basic, grunt_gozag_statues, dpeg_oklobed_lair,
          uniq_prince_ribbit1
Temple:   eino_temple_rhombus
Lair:1:   layout_misc_corridors, st_stairs_10
Lair:2:   layout_cave_pods, minmay_shoals_entry_lonely_mermaid,
          grunt_megastairs_1, uniq_fannar
Lair:3:   layout_chaotic_city, grunt_megastairs_3, uniq_urug
Lair:4:   layout_misc_corridors, spider_nest_entry_funnel_web,
          grunt_megastairs_5, infiniplex_staircase_pool, serial_bayou_shore_b
Lair:5:   layout_loops_ring, chequers_serial_rivers_marsh, grunt_megastairs_4
Lair:6:   grunt_lair_end_beastmaster, layout_cave_pods, slime_altar_1,
          kennysheep_snail_temple

Skill      XL: |  1  2  3  4  5  6  7  8  9 10 11 12 13 14 |
---------------+-------------------------------------------+-----
Fire Magic     | 4 5 6 8 9 10 11 | 11.6
Spellcasting   | 3 4 5 6 7 8 10 11 12 | 12.7
Conjurations   | 2 3 5 6 7 8 9 10 11 | 11.1
Poison Magic   | 1 4 5 8 9 10 | 10.2
Dodging        | 2 3 |  3.7
Fighting       | 1 2 |  2.7
Maces & Flails | 1 2 3 |  3.8
Transmutations | 1 2 3 |  3.0
Ice Magic      | 3 4 |  4.3
Earth Magic    | 2 |  2.6
Short Blades   | |  0.4
Stealth        | |  2.1

Action                   |  1- 3 |  4- 6 |  7- 9 | 10-12 | 13-15 || total
-------------------------+-------+-------+-------+-------+-------++-------
Melee: Short sword       |     9 |     4 |     8 |       |       ||    21
       Flail             |       |       |     2 |     8 |       ||    10
       Dire flail        |       |       |       |    37 |    27 ||    64
 Cast: Foxfire           |    54 |   152 |   288 |   344 |   238 ||  1076
       Conjure Flame     |       |       |     1 |     2 |       ||     3
       Sticky Flame      |       |       |     1 |    45 |    28 ||    74
       Olgreb's Toxic Ra |       |       |       |    28 |    31 ||    59
       Ignite Poison     |       |       |       |    33 |    44 ||    77
       Fireball          |       |       |       |       |     4 ||     4
       Iron Shot         |       |       |       |       |     4 ||     4
       Bolt of Magma     |       |       |       |       |     1 ||     1
  Use: Scroll            |     1 |     4 |    18 |    14 |     2 ||    39
       Potion            |       |       |     5 |     2 |     2 ||     9
Armor: Robe              |     9 |     8 |     2 |       |       ||    19
       Steam dragon scal |       |       |    38 |   100 |    82 ||   220
Dodge: Dodged            |    17 |     8 |    73 |   115 |    67 ||   280

Table legend: (Time is in decaauts)
 A = Elapsed time spent in this place.
 B = Non-inter-level travel time spent in this place.
 C = Inter-level travel time spent in this place.
 D = Time resting spent in this place.
 E = Time spent auto-exploring this place.
 F = Levels seen in this place.
 G = Mean time per level.
                   A        B        C        D        E       F      G
               +--------+--------+--------+--------+--------+-----+--------+
         Total |  23028 |  22308 |    720 |    714 |  18044 |  18 | 1279.3 |
       Dungeon |  11439 |  10948 |    491 |    519 |   8701 |   9 | 1271.0 |
        Temple |     58 |     58 |      0 |      0 |     46 |   1 |   58.0 |
          Lair |   8745 |   8517 |    228 |    142 |   7135 |   6 | 1457.5 |
         Sewer |    839 |    839 |      0 |      0 |    720 |   1 |  839.0 |
        Bailey |   1946 |   1946 |      0 |     53 |   1440 |   1 | 1946.0 |
               +--------+--------+--------+--------+--------+-----+--------+

Top non-repeatable levels by time:
  Bailey: 1946 daAuts
  Lair:3: 1838 daAuts
  Lair:2: 1740 daAuts
     D:2: 1649 daAuts
     D:9: 1594 daAuts
  Lair:4: 1545 daAuts
     D:8: 1504 daAuts
  Lair:5: 1437 daAuts
  Lair:1: 1408 daAuts
     D:4: 1348 daAuts
     D:7: 1338 daAuts
     D:1: 1157 daAuts
     D:5: 989 daAuts
     D:3: 979 daAuts
     D:6: 876 daAuts
